 Dungeon Crawl Stone Soup version 0.30-a0-586-g23e55c9e0a (webtiles) character file.

Game seed: 3266947010916527233

16139 Newt the Carver (level 12, -1/92 HPs)
             Began as a Demonspawn Gladiator on Jan 2, 2023.
             Was an Elder of Makhleb.
             Slain by a naga
             ... wielding a +0 scimitar
              (19 damage)
             ... on level 2 of the Lair of Beasts on Jan 3, 2023.
             The game lasted 00:20:55 (12981 turns).

Newt the Carver (Demonspawn Gladiator)             Turns: 12981, Time: 00:20:56

Health: -1/92      AC: 22    Str: 21    XL:     12   Next: 7%
Magic:  18/18      EV:  9    Int: 15    God:    Makhleb [****..]
Gold:   567        SH:  4    Dex: 14    Spells: 15/17 levels left

rFire   + + .      SeeInvis .    z - +11 plutonium sword {Contam Stlth-}
rCold   x . .      Faith    .    (shield currently unavailable)
rNeg    . . .      Spirit   .    S - +0 fire dragon scales
rPois   +          Reflect  .    c - +0 helmet
rElec   .          Harm     .    (no cloak)
rCorr   .          Rampage  .    (no gloves)
Will    .....                    Q - +2 pair of boots Stlth
                                 o - amulet of the acrobat
HPRegen 0.35/turn                t - +6 ring of intelligence
MPRegen 0.16/turn                n - ring of poison resistance

@: marked, wereblooded, constricted
A: icy blue scales 2, icemail 1, powered by death 1, condensation shield,
weakness stinger 1
a: Renounce Religion, Minor Destruction, Lesser Servant of Makhleb, Major
Destruction


You were on level 2 of the Lair of Beasts.
You worshipped Makhleb.
Makhleb was greatly pleased with you.
You visited 2 branches of the dungeon, and saw 14 of its levels.
You also visited: Volcano.

You collected 620 gold pieces.
You spent 53 gold pieces at shops.

Inventory:

Hand Weapons
 a - a +1 rapier
 q - a +2 dagger of venom
 u - a +2 hand axe of protection
 z - the +11 plutonium sword (weapon) {Contam Stlth-}
   (You found it on level 6 of the Dungeon)

   It occasionally inflicts wild transmutation effects on those it strikes,
   inflicting malmutation or extra damage, or polymorphing them into a new form.
   Contam:    It causes magical contamination when unequipped.
   Stlth:     It makes you less stealthy.
Missiles
 d - a throwing net
 e - 13 javelins
 w - 3 atropa-tipped darts
Armour
 b - a +0 leather armour
 c - a +0 helmet (worn)
 j - a +0 kite shield
 r - a +0 pair of boots
 I - +0 acid dragon scales
 P - a +4 scale mail of fire resistance
 Q - a +2 pair of boots (worn)
 S - +0 fire dragon scales (worn)
Jewellery
 n - a ring of poison resistance (right hand)
 o - an amulet of the acrobat (around neck)
 t - a +6 ring of intelligence (left hand)
 x - a ring of wizardry
 O - a ring of willpower
Wands
 p - a wand of roots (23)
 A - a wand of polymorph (5)
 F - a wand of digging (6)
 K - a wand of light (11)
 M - a wand of charming (5)
Scrolls
 h - 2 scrolls of amnesia
 v - 4 scrolls of blinking
 y - a scroll of fear
 D - 4 scrolls of enchant armour
 E - 2 scrolls of enchant weapon
 G - a scroll of identify
 H - a scroll of poison
 J - a scroll of silence
 L - a scroll of brand weapon
Potions
 f - 2 potions of attraction
 i - 6 potions of curing
 k - 3 potions of flight
 l - 3 potions of ambrosia
 m - 3 potions of degeneration
 s - 3 potions of haste
 B - a potion of lignification
 C - a potion of berserk rage
 N - 2 potions of cancellation
 R - a potion of mutation


   Skills:
 - Level 8.0 Fighting
 - Level 3.0(6.8) Short Blades
 - Level 9.7(10.0) Long Blades
 - Level 1.7 Throwing
 - Level 8.0 Armour
 - Level 6.0 Dodging
 - Level 4.0 Stealth
 - Level 3.0 Shields
 + Level 3.2 Spellcasting
 - Level 5.0 Transmutations
 - Level 8.0 Invocations


You had 15 spell levels left.
You knew the following spells:

 Your Spells              Type           Power      Damage    Failure   Level
a - Wereblood             Tmut           17%        N/A       11%         2

Your spell library contained the following spells:

 Spells                   Type           Power      Damage    Failure   Level
 Beastly Appendage        Tmut           34%        N/A       8%          1
 Foxfire                  Conj/Fire      8%         2x1d4     50%         1
 Magic Dart               Conj           8%         1d3       50%         1
 Necrotise                Necr           8%         1d4       50%         1
 Spider Form              Tmut/Pois      9%         N/A       52%         3
 Call Imp                 Summ           2%         N/A       65%         2
 Static Discharge         Conj/Air       4%         2-3/arc   65%         2
 Dazzling Flash           Conj/Hex       4%         N/A       86%         3
 Gell's Gravitas          Tloc           2%         N/A       86%         3
 Mephitic Cloud           Conj/Pois/Air  2%         N/A       86%         3
 Teleport Other           Tloc           2%         N/A       86%         3
 Vampiric Draining        Necr           2%         2d6       86%         3
 Vhi's Electric Charge    Tloc/Air       4%         N/A       86%         3
 Agony                    Necr           2%         N/A       100%        5
 Arcjolt                  Conj/Air       1%         1d11      100%        5
 Fireball                 Conj/Fire      1%         3d3       100%        5
 Lightning Bolt           Conj/Air       1%         1d12      100%        5
 Silence                  Hex/Air        1%         N/A       100%        5
 Dispersal                Tloc           1%         N/A       100%        6
 Starburst                Conj/Fire      1%         6d3       100%        6


Dungeon Overview and Level Annotations

Branches:
Dungeon (12/15)            Temple (0/1) D:6            Lair (2/5) D:9
  Snake (0/4) Lair:2          Orc (0/2) D:11        Volcano (visited)
  Swamp: Lair:2-3    Shoals: Lair:2-3

Altars:
Cheibriados
Gozag
Hepliaklqana
Kikubaaqudgha
Makhleb
Okawaru
Qazlal
Ru
Sif Muna
Trog
Xom

Shops:
D:6 (*[

Annotations:
D:11 Lodul


Innate Abilities, Weirdness & Mutations

You are mostly covered in icy blue scales. (AC +3)
A meltable icy envelope protects you from harm. (AC +4)
You regenerate a little health from kills.
A meltable shield of frost defends you. (SH +4)
You have a small tail.


Message History

The blink frog is almost dead.
The blink frog hits you.
* * * LOW HITPOINT WARNING * * *
The blink frog blinks!
The naga loses its grip on you. You block the blink frog's attack.
The blink frog hits you.
* * * LOW HITPOINT WARNING * * *
The blink frog blinks!
The naga closely misses you. The naga barely misses you. The naga grabs you.
The naga constricts you.
* * * LOW HITPOINT WARNING * * *
A cane toad comes into view.
The blink frog hits you but does no damage.
You closely miss the naga.
You howl as the wereblood boils in your veins!
The naga hits you with a +0 scimitar!
* * * LOW HITPOINT WARNING * * *
You block the naga's attack.
The blink frog hits you but does no damage.
The naga spits poison at you. The splash of poison misses you.
The naga constricts you. The naga completely misses you.
You feel much better. The blink frog closely misses you.
You block the naga's attack. The naga constricts you.
The naga hits you but does no damage.
The blink frog blinks!
The naga barely misses you.
You escape the naga's grasp.
The naga closely misses you. The blink frog hits you.
* * * LOW HITPOINT WARNING * * *
The blink frog blinks!
The naga misses you. The naga grabs you.
You stop descending the stairs.
The naga constricts you.
* * * LOW HITPOINT WARNING * * *
The blink frog blinks!
The naga hits you but does no damage.
The blink frog hits you but does no damage.
The naga hits you but does no damage.
Unknown command.
You closely miss the blink frog.
The blink frog is lightly wounded.
The naga barely misses you. You block the naga's attack.
The naga constricts you. The blink frog closely misses you.
The naga hits you but does no damage. The naga hits you with a +0 scimitar!!
You die...

......................).÷........
.................................
...............§F................
......§#.#.......................
......###........................
N.....##....................#....
..............N÷...........##....
..............(NN................
..............FN@.§.............>
...............F.................
...............................P#
.....................)....#.#.###
................F........#...##
.........................P.###
.........................<.#
.....................####..#
.....................# #.###


You could see a cane toad, 3 blink frogs and 4 nagas.

Vanquished Creatures
  A red draconian (Volcano)
  Harold (Lair:2)
  2 centaur warriors
  3 death yaks (D:9)
  3 two-headed ogres
  An ugly thing (D:12)
  2 gargoyles (D:11)
  2 cane toads
  3 komodo dragons
  2 yaktaurs (Volcano)
  17 yaks
  A shadow (D:11)
  Menkaure (D:6)
  3 steam dragons
  Edmund (D:4)
  An acid dragon (D:8)
  4 water moccasins
  Duvessa (D:5)
  An orc warrior (D:10)
  7 centaurs
  3 ogres (D:11)
  4 wolves
  2 phantoms (D:5)
  2 kobold brigands
  3 bullfrogs
  2 necrophages
  A scorpion (D:5)
  8 wights
  5 killer bees (D:8)
  Dowan (D:5)
  A howler monkey (D:9)
  A hound (D:5)
  3 orc priests
  A gnoll bouda (D:6)
  3 hell rats (D:9)
  6 iguanas
  5 orc wizards
  Robin (D:2)
  3 gnolls (D:6)
  8 adders
  3 shadow imps
  3 white imps
  2 ufetubi (D:5)
  3 worms
  3 dart slugs
  28 orcs
  3 endoplasms
  6 giant cockroaches
  15 goblins
  12 hobgoblins
  4 jackals (D:1)
  3 quokkas
  8 ball pythons
  2 bats
  8 frilled lizards (D:1)
  15 kobolds
  13 rats
251 creatures vanquished.

Vanquished Creatures (collateral kills)
  Grum (D:7)
1 creature vanquished.

Vanquished Creatures (others)
  A wizard (D:3)
  6 fungi (Lair:1)
  15 plants
22 creatures vanquished.

Grand Total: 274 creatures vanquished

Notes
Turn   | Place    | Note
-------+----------+-------------------------------------------
     0 | D:1      | Newt the Demonspawn Gladiator began the quest for the Orb.
     0 | D:1      | Reached XP level 1. HP: 16/16 MP: 1/1
   182 | D:1      | Reached skill level 1 in Stealth
   221 | D:1      | Gained mutation: A meltable shield of frost defends you.
                  | (SH +4) [demonic ancestry]
   221 | D:1      | Reached XP level 2. HP: 9/22 MP: 2/2
  1090 | D:1      | Gained mutation: A meltable icy envelope protects you from
                  | harm. (AC +4) [demonic ancestry]
  1090 | D:1      | Reached XP level 3. HP: 28/28 MP: 3/3
  1563 | D:2      | Found a burning altar of Makhleb.
  1597 | D:2      | Became a worshipper of Makhleb the Destroyer
  1721 | D:2      | Reached XP level 4. HP: 35/37 MP: 4/4
  2299 | D:3      | Found an ancient bone altar of Kikubaaqudgha.
  2300 | D:3      | Noticed Robin
  2429 | D:2      | Reached skill level 1 in Invocations
  2443 | D:2      | Killed Robin
  2920 | D:3      | Reached * piety under Makhleb
  2965 | D:3      | Found an iron altar of Okawaru.
  2967 | D:3      | Found a hazy altar of Hepliaklqana.
  2967 | D:3      | Found a sacrificial altar of Ru.
  3036 | D:3      | Reached XP level 5. HP: 42/42 MP: 7/7
  3062 | D:3      | Found a burning altar of Makhleb.
  3062 | D:3      | Noticed a balrug
  3290 | D:3      | Found a bloodstained altar of Trog.
  3294 | D:3      | Noticed a wizard
  3298 | D:3      | Killed a wizard
  3442 | D:4      | Reached skill level 1 in Shields
  3866 | D:4      | Reached XP level 6. HP: 32/48 MP: 8/8
  3986 | D:4      | Noticed Edmund
  4005 | D:4      | Killed Edmund
  4227 | D:5      | Entered Level 5 of the Dungeon
  4249 | D:5      | Reached ** piety under Makhleb
  4255 | D:5      | Gained mutation: You regenerate a little health from kills.
                  | [demonic ancestry]
  4255 | D:5      | Reached XP level 7. HP: 21/54 MP: 9/9
  4267 | D:5      | Upgraded the game from 0.30-a0-585-g93115170b9 to
                  | 0.30-a0-586-g23e55c9e0a
  4400 | D:5      | Found an opulent altar of Gozag.
  4446 | D:5      | Noticed Duvessa
  4460 | D:5      | Noticed Dowan
  4830 | D:5      | Reached skill level 5 in Fighting
  5022 | D:5      | Killed Dowan
  5023 | D:5      | Gained mutation: You are partially covered in icy blue
                  | scales. (AC +2) [demonic ancestry]
  5023 | D:5      | Reached XP level 8. HP: 44/62 MP: 10/10
  5026 | D:5      | Killed Duvessa
  5363 | D:6      | Found Vodyng's Antique Armour Shop.
  5385 | D:6      | Found a shimmering blue altar of Sif Muna.
  5385 | D:6      | Found the +11 plutonium sword {Contam Stlth-}
  5444 | D:6      | Found a staircase to the Ecumenical Temple.
  5530 | D:6      | Reached skill level 5 in Invocations
  5550 | D:6      | Reached skill level 1 in Long Blades
  5918 | D:6      | Found Gib Giab's Assorted Antiques.
  5925 | D:6      | Bought a sedimented puce potion for 25 gold pieces
  5925 | D:6      | Bought a scroll labelled ASIMUTR FUGEA for 28 gold pieces
  6052 | D:6      | Found Onki's Firing Range.
  6059 | D:6      | Noticed Menkaure
  6064 | D:6      | Killed Menkaure
  6065 | D:6      | Reached skill level 2 in Long Blades
  6552 | D:7      | Reached skill level 3 in Long Blades
  6750 | D:7      | Reached skill level 4 in Long Blades
  6853 | D:7      | Gained mutation: You have a small tail. [demonic ancestry]
  6853 | D:7      | Reached XP level 9. HP: 60/69 MP: 13/13
  6853 | D:7      | Reached *** piety under Makhleb
  6854 | D:7      | Reached skill level 5 in Long Blades
  6863 | D:7      | Reached skill level 6 in Long Blades
  7429 | D:8      | Noticed a two-headed ogre
  7430 | D:8      | Noticed Grum
  7438 | D:7      | Reached skill level 7 in Long Blades
  7447 | D:7      | Killed a two-headed ogre
  7457 | D:7      | Killed Grum
  7458 | D:7      | Reached skill level 5 in Dodging
  8256 | D:8      | Gained mutation: You are mostly covered in icy blue scales.
                  | (AC +3) [demonic ancestry]
  8256 | D:8      | Reached XP level 10. HP: 54/76 MP: 14/14
  8384 | D:8      | Found a snail-covered altar of Cheibriados.
  9154 | D:9      | You fall into a shaft and drop 2 floors!
  9197 | D:11     | Found a staircase to the Orcish Mines.
  9198 | D:11     | Noticed a gargoyle
  9211 | D:11     | Killed a gargoyle
  9212 | D:11     | Reached skill level 5 in Armour
  9475 | D:11     | Noticed Lodul
  9487 | D:11     | HP: 2/76 [Lodul/bolt of lightning (18)]
  9518 | D:12     | Noticed a white ugly thing
  9523 | D:12     | Killed a white ugly thing
  9767 | D:11     | Noticed a gargoyle
  9772 | D:11     | Killed a gargoyle
  9802 | D:10     | Entered Level 10 of the Dungeon
  9859 | D:10     | Noticed a two-headed ogre
  9867 | D:9      | Noticed a centaur warrior
  9868 | D:9      | Killed a two-headed ogre
  9873 | D:9      | Killed a centaur warrior
 10250 | D:9      | Noticed a death yak
 10251 | D:9      | Found a staircase to the Lair.
 10251 | D:9      | Noticed a death yak
 10274 | D:9      | Noticed a death yak
 10286 | D:9      | Killed a death yak
 10287 | D:9      | Reached skill level 8 in Long Blades
 10287 | D:9      | Reached XP level 11. HP: 63/86 MP: 17/17
 10290 | D:9      | Killed a death yak
 10292 | D:9      | Killed a death yak
 10293 | D:9      | Reached skill level 9 in Long Blades
 10445 | D:9      | Noticed a two-headed ogre
 10451 | D:9      | Killed a two-headed ogre
 10612 | D:9      | Noticed a four-headed hydra
 10665 | D:9      | Found a shimmering altar of Xom.
 10778 | D:9      | Found a stormy altar of Qazlal.
 11040 | D:10     | Reached **** piety under Makhleb
 11099 | Lair:1   | Entered Level 1 of the Lair of Beasts
 11565 | Lair:1   | Learned a level 2 spell: Wereblood
 12317 | Lair:2   | Reached skill level 1 in Transmutations
 12340 | Lair:2   | Found a dark tunnel.
 12349 | Volcano  | Entered a volcano
 12368 | Volcano  | Noticed a centaur warrior
 12376 | Volcano  | Killed a centaur warrior
 12516 | Volcano  | Noticed a red draconian
 12529 | Volcano  | Killed a red draconian
 12607 | Volcano  | Reached skill level 5 in Transmutations
 12607 | Volcano  | Reached skill level 1 in Spellcasting
 12948 | Lair:2   | Noticed Harold
 12964 | Lair:2   | Reached XP level 12. HP: 92/92 MP: 18/18
 12975 | Lair:2   | Killed Harold
 12978 | Lair:2   | HP: 2/92 [naga/+0 scimitar (8)]
 12981 | Lair:2   | Slain by a naga

Illustrated notes

Levels and vault maps discovered:
D:1:      matt_arrival_spirals, layout_loops_ring, minmay_stone_trees_medium,
          minmay_misc_feat_tower, grunt_decor_mini_mirrors,
          hangedman_decor_growths, minmay_lizard_king
D:2:      layout_loops_corners, basic_altar, minivault_14
D:3:      layout_loops_ring, trog_wizard, makhleb_altar_promises_db,
          chequers_temple_overflow_statue_of_worship, uniq_robin
D:4:      layout_rooms, uniq_edmund
D:5:      layout_cave_pools, nicolae_gozag_cash_rules_everything_around_me,
          kennysheep_potato, uniq_duvessa
D:6:      layout_loops_ring, mainiacjoe_overflow_large_starburst,
          temple_doors_e, serial_shops, shop, shop, nicolae_shop_firing_range,
          uniq_menkaure
D:7:      layout_basic
D:8:      layout_cave_pools, mainiacjoe_overflow_tiny_flanked, uniq_grum
D:9:      layout_basic, nicolae_qazlal_general_emergency,
          mainiacjoe_overflow_brackets, dpeg_lair_monsters,
          lightli_corner_chamber
D:10:     cheibrodos_histonic, layout_rooms, old_standard_altar, dk_vineyard_2
D:11:     layout_irregular_city, orc_0_dummy, serial_shops,
          nicolae_inconvenience_store, laboratory, uniq_lodul
D:12:     layout_small_grid, uniq_maurice
Lair:1:   layout_small_grid
Lair:2:   layout_cave_shapes, minmay_snake_entry_guardpost_small,
          nicolae_volcano_entry_two_sided, uniq_harold

Skill      XL: |  1  2  3  4  5  6  7  8  9 10 11 12 |
---------------+-------------------------------------+-----
Stealth        | 1 2 4 |  4.0
Fighting       | 3 4 5 6 8 |  8.0
Invocations    | 3 6 8 |  8.0
Short Blades   | 3 |  3.0
Shields        | 2 3 |  3.0
Dodging        | 3 4 6 |  6.0
Armour         | 3 6 8 |  8.0
Long Blades    | 4 7 8 9 |  9.7
Transmutations | 5 |  5.0
Spellcasting   | 2 3 |  3.2
Throwing       | |  1.7

Action                   |  1- 3 |  4- 6 |  7- 9 | 10-12 || total
-------------------------+-------+-------+-------+-------++-------
Melee: Rapier            |   153 |   147 |       |       ||   300
       Dagger            |       |   101 |   170 |       ||   271
       Triple sword      |       |       |   114 |   256 ||   370
       Tailslap          |       |       |     5 |    35 ||    40
Throw: Javelin           |     4 |       |       |       ||     4
       Throwing net      |       |     1 |     1 |       ||     2
 Cast: Wereblood         |       |       |       |     3 ||     3
Invok: Minor Destruction |       |       |     9 |       ||     9
       Lesser Servant of |       |       |     1 |     3 ||     4
       Major Destruction |       |       |       |     1 ||     1
  Use: Scroll            |     4 |     9 |     6 |     4 ||    23
       Potion            |       |     3 |     1 |     4 ||     8
 Stab: Sleeping          |     2 |     1 |     2 |     1 ||     6
       Held in net/web   |       |     1 |       |       ||     1
       Distracted        |       |       |       |     1 ||     1
Armor: Leather armour    |    52 |   106 |   107 |    31 ||   296
       Acid dragon scale |       |       |       |   105 ||   105
       Fire dragon scale |       |       |       |    39 ||    39
       Scale mail        |       |       |       |     7 ||     7
Dodge: Dodged            |    88 |   109 |   228 |   237 ||   662
Block: Kite shield       |    57 |   179 |   141 |       ||   377
       Other             |    10 |       |    33 |    66 ||   109

Table legend: (Time is in decaauts)
 A = Elapsed time spent in this place.
 B = Non-inter-level travel time spent in this place.
 C = Inter-level travel time spent in this place.
 D = Time resting spent in this place.
 E = Time spent auto-exploring this place.
 F = Levels seen in this place.
 G = Mean time per level.
                   A        B        C        D        E       F      G
               +--------+--------+--------+--------+--------+-----+--------+
         Total |  13193 |  12920 |    273 |   4127 |   6150 |  15 |  879.5 |
       Dungeon |  11276 |  11033 |    243 |   3654 |   5282 |  12 |  939.7 |
          Lair |   1389 |   1360 |     29 |    294 |    675 |   2 |  694.5 |
       Volcano |    527 |    527 |      0 |    179 |    193 |   1 |  527.0 |
               +--------+--------+--------+--------+--------+-----+--------+

Top non-repeatable levels by time:
     D:7: 1443 daAuts
     D:1: 1391 daAuts
     D:6: 1308 daAuts
     D:2: 1254 daAuts
     D:9: 1247 daAuts
     D:8: 1222 daAuts
  Lair:1: 1172 daAuts
     D:5: 997 daAuts
     D:4: 854 daAuts
     D:3: 804 daAuts
 Volcano: 527 daAuts
    D:11: 419 daAuts
    D:12: 236 daAuts
  Lair:2: 216 daAuts
    D:10: 96 daAuts
